 Dungeon Crawl Stone Soup version 0.18-a0-1539-g1c7284a (webtiles) character file.

23 Amnesiac the Vexing (level 2, -4/19 HPs)
             Began as a Mummy Enchanter on Mar 9, 2016.
             Slain by a gnoll
             ... wielding a +0 whip
              (10 damage)
             ... on level 4 of the Dungeon.
             The game lasted 00:02:09 (515 turns).

Amnesiac the Vexing (Mummy Enchanter)                Turns: 515, Time: 00:02:10

Health: -4/19      AC:  3    Str: 11    XL:     2   Next: 75%
Magic:  5/5        EV: 12    Int: 14    God:
Gold:   20         SH:  0    Dex: 12    Spells: 1 memorised, 4 levels left

rFire  x . .     SeeInvis .     a - +1 dagger
rCold  + . .     Gourm    .     b - +1 robe
rNeg   + + +     Faith    .     (no shield)
rPois  ∞         Spirit   .     (no helmet)
rElec  .         Dismiss  .     (no cloak)
rCorr  .         Reflect  .     (no gloves)
SustAt .         Harm     .     (no boots)
MR     .....                    (no amulet)
Stlth  ++........               (no ring)
                                (no ring)

@: not resistant to hostile enchantments, unstealthy
A: no food or potions, fire vulnerability, cold resistance 1, negative energy
resistance 3, torment resistance, unbreathing
a: no special abilities


You were on level 4 of the Dungeon.
You were not hungry.

You visited 1 branch of the dungeon, and saw 4 of its levels.

You collected 20 gold pieces.

Inventory:

Hand Weapons
 a - a +1 dagger (weapon)
Armour
 b - a +1 robe (worn)
Jewellery
 d - an uncursed ring of positive energy {unknown}
Scrolls
 e - a scroll of noise {unknown}
 f - a scroll of remove curse {unknown}
Books
 c - a book of Maledictions

   Spells                             Type                      Level
   a - Corona                         Hexes                        1
   b - Ensorcelled Hibernation        Hexes/Ice                    2
   c - Confuse                        Hexes                        3
   d - Tukima's Dance                 Hexes                        3
   e - Dazzling Spray                 Conjuration/Hexes            3


   Skills:
 - Level 0.7 Short Blades
 - Level 1.5 Dodging
 - Level 2.4 Stealth
 - Level 2.0 Spellcasting
 + Level 3.6 Hexes


You had 4 spell levels left.
You knew the following spells:

 Your Spells              Type           Power        Failure   Level  Hunger
z - Corona                Hex            ##.....      6%          1    N/A

Dungeon Overview and Level Annotations

Branches:
Dungeon (4/15)
 Temple: D:4-7

Altars:

Annotations:
D:4 Ijyb


Innate Abilities, Weirdness & Mutations

You do not eat or drink.
Your flesh is vulnerable to fire.
You are immune to poison.
Your flesh is cold resistant.
You are immune to negative energy.
You are immune to unholy pain and torment.
You can survive without breathing.


Message History

Ijyb hits you.
There is an open door here.
The gnoll shouts! x2
The gnoll completely misses you. The gnoll closely misses you.
As you open the door, it creaks loudly! The gnoll misses you.
Ijyb hits you but does no damage.
The gnoll hits you from afar with a spear.
* * * LOW HITPOINT WARNING * * *
Ijyb screams, "I cut your head off!"
There is an open door here.
You see here an adder corpse.
Level annotation: Ijyb Welcome back, Amnesiac the Mummy Enchanter.
Press ? for a list of commands and other information.
There is an open door here.
There is an open door here.
The gnoll hits you with a whip!
Ouch! That really hurt!
You die...

#.# #.#
#<############## #
#......g.g.g...#
#.##.############.#
.###.#...## #.#
..........# #.#
.#####...## #.#
....###@## #g#
.......g# #.#
###.###.# #g# ##g##
#.# ##...## ##g#
.#.....## ###.%##
#.......## ##.#...#
#........g####.....##
+.........g..†gg......


You could see Ijyb and a gnoll.

Vanquished Creatures
  2 adders
  A bat (D:1)
  A giant cockroach (D:2)
  A hobgoblin (D:1)
  2 rats (D:1)
7 creatures vanquished.

Notes
Turn   | Place    | Note
--------------------------------------------------------------
     0 | D:1      | Amnesiac the Mummy Enchanter began the quest for the Orb.
     0 | D:1      | Reached XP level 1. HP: 13/13 MP: 3/3
   118 | D:2      | Reached skill level 3 in Hexes
   118 | D:2      | Reached XP level 2. HP: 14/19 MP: 1/5
   420 | D:2      | Noticed Ijyb
   506 | D:4      | Upgraded the game from 0.18-a0-1526-gcb34c7c to 0.18-a0-1539-g1c7284a
   515 | D:4      | Slain by a gnoll

Vault maps used:
D:1:      lemuel_arrival_broad_hall
D:2:      kennysheep_goblin_castle, nemelex_deck, uniq_iyjb
D:3:      elyvilon_altar_5, kennysheep_generic_room_14
D:4:      kiku_gazebo_pond_becter, serial_shops, nicolae_shop_waterfront,
          first_bread

Skill      XL: |  1 |
---------------+----+-----
Hexes          | 3 |  3.6
Short Blades   | |  0.7
Dodging        | |  1.5
Stealth        | |  2.4
Spellcasting   | |  2.0

Action                   || total
-------------------------++-------
Melee: Dagger            ||    32
 Cast: Corona            ||     7
 Stab: Sleeping          ||     1
